 Dungeon Crawl Stone Soup version 0.30-a0-702-gdf48620a09 (webtiles) character file.

Game seed: 12334142738513009085

665 acebull12 the Covered (level 7, -7/60 HPs)
             Began as a Minotaur Fighter on Jan 21, 2023.
             Mangled by an ogre
             ... wielding a +0 giant spiked club
              (35 damage)
             ... on level 5 of the Dungeon.
             The game lasted 00:06:56 (4195 turns).

acebull12 the Covered (Minotaur Fighter)            Turns: 4195, Time: 00:06:56

Health: -7/60      AC:  9    Str: 23    XL:     7   Next: 31%
Magic:  6/6        EV:  9    Int:  5    God:
Gold:   266        SH:  5    Dex:  9    Spells: 6/6 levels left

rFire   . . .      SeeInvis .    a - +0 trident
rCold   . . .      Faith    .    c - +0 buckler
rNeg    . . .      Spirit   .    b - +0 scale mail
rPois   .          Reflect  .    y - +0 hat
rElec   .          Harm     .    s - scarf {shadows}
rCorr   +          Rampage  .    (no gloves)
Will    +....                    i - +0 pair of boots Stlth
                                 (no amulet)
HPRegen 0.30/turn                m - ring of resist corrosion
MPRegen 0.10/turn                t - ring of willpower

@: no status effects
A: horns 2, retaliatory headbutt
a: no special abilities


You were on level 5 of the Dungeon.
You visited 1 branch of the dungeon, and saw 5 of its levels.

You collected 266 gold pieces.

Inventory:

Hand Weapons
 a - a +0 trident (weapon)
Missiles
 j - 5 boomerangs (quivered)
 k - 35 stones
Armour
 b - a +0 scale mail (worn)
 c - a +0 buckler (worn)
 i - a +0 pair of boots (worn)
 s - a scarf of shadows (worn)
 y - a +0 hat (worn)
Jewellery
 e - a ring of wizardry
 m - a ring of resist corrosion (left hand)
 o - an amulet of magic regeneration
 t - a ring of willpower (right hand)
Wands
 A - a wand of charming (9)
Scrolls
 g - a scroll of amnesia
 h - a scroll of vulnerability {unknown}
 p - 2 scrolls of teleportation
 r - 2 scrolls of magic mapping
 v - a scroll of summoning {unknown}
 x - 2 scrolls of enchant armour
 z - 2 scrolls of blinking
 B - a scroll of identify
Potions
 d - 2 potions of might
 f - a potion of haste {unknown}
 l - a potion of lignification
 n - a potion of brilliance {unknown}
 q - 3 potions of mutation {unknown}
 u - a potion of invisibility {unknown}
 w - a potion of degeneration {unknown}


   Skills:
 + Level 4.7 Fighting
 + Level 6.0 Polearms
 * Level 6.4 Armour
 + Level 1.0 Dodging
 + Level 0.4 Stealth
 * Level 5.6 Shields


You had 6 spell levels left.
You didn't know any spells.
Your spell library contained the following spells:

 Spells                   Type           Power      Damage    Failure   Level
 Anguish                  Hex/Necr       0%         N/A       100%        4
 Enfeeble                 Hex            0%         N/A       100%        7


Dungeon Overview and Level Annotations

Branches:
Dungeon (5/15)
 Temple: D:4-7

Altars:
Xom

Shops:
D:3 [


Innate Abilities, Weirdness & Mutations

You have a pair of horns on your head.
You reflexively headbutt those who attack you in melee.


Message History

Found a chain mail.
Found a stone staircase leading down.
Found an amulet of magic regeneration.
No target in view!
No target in view!
No target in view!
p - 2 scrolls of teleportation (gained 1)
You now have 266 gold pieces (gained 10).
B - a scroll of identify
x - 2 scrolls of enchant armour (gained 1)
A hound comes into view.
A hound is nearby!
The hound barks!
You hear a shout! x3
An ogre comes into view. It is wielding a +0 giant spiked club.
You hear a shout!
An orc comes into view. It is wielding a +0 dagger.
The orc shouts!
You hit the hound but do no damage. Your headbutt misses the hound.
The hound bites you. You block the hound's attack.
You puncture the hound!
The hound is severely wounded.
You block the hound's attack. The hound bites you but does no damage.
You miss the hound. You headbutt the hound.
You kill the hound!
You puncture the ogre!
The ogre is heavily wounded.
The ogre hits you with a +0 giant spiked club!!
Ouch! That really hurt!
You are too injured to fight recklessly!
The ogre attacks as you move away! The ogre closely misses you.
You furiously retaliate!
You headbutt the ogre! The orc attacks as you move away!
The orc hits you but does no damage.
You hit the orc but do no damage.
An orc comes into view. It is wielding a +0 dagger.
The orc hits you but does no damage.
An ogre comes into view. It is wielding a +0 giant spiked club.
The ogre attacks as you move away! You block the ogre's attack.
The ogre attacks as you move away!
The ogre hits you with a +0 giant spiked club!!
Ouch! That really hurt!
You die...

#.........#
#.#.#.....# #.o.O.# ##
#..# ##....#.... #..#
#.....#.#####..#
#.#...#.#......#
#.#...#.#......#
#.#.#.#.oO#.#......#
#.#.#.#.@.#.#.....<#
#.#.#.#.....#......# #
#.#.#.#.....#......#
##
#.#.#.#.....#....###
##. # #.#......######
#.. #.....## ##..
#......## ###...
.........########....#
.##.................##


You could see 2 ogres and 2 orcs.

Vanquished Creatures
  A necrophage (D:5)
  3 scorpions
  A howler monkey (D:5)
  3 orc priests
  A hound (D:5)
  A jelly (D:5)
  An iguana (D:5)
  An orc wizard (D:5)
  4 gnolls (D:4)
  5 adders
  3 dart slugs
  14 orcs
  7 endoplasms
  4 giant cockroaches
  9 goblins
  10 hobgoblins
  2 jackals (D:4)
  A kobold (D:3)
  4 quokkas
  11 ball pythons
  7 bats
  7 frilled lizards
  7 rats
107 creatures vanquished.

Notes
Turn   | Place    | Note
-------+----------+-------------------------------------------
     0 | D:1      | acebull12 the Minotaur Fighter began the quest for the Orb.
     0 | D:1      | Reached XP level 1. HP: 19/19 MP: 0/0
   213 | D:1      | Reached XP level 2. HP: 27/27 MP: 1/1
  1037 | D:2      | Reached XP level 3. HP: 33/33 MP: 2/2
  1426 | D:2      | Reached XP level 4. HP: 32/40 MP: 3/3
  1845 | D:3      | Reached skill level 5 in Armour
  2164 | D:3      | Reached XP level 5. HP: 44/46 MP: 4/4
  2273 | D:3      | Found Sinleh's Antique Armour Shoppe.
  2449 | D:3      | Found a shimmering altar of Xom.
  3234 | D:4      | Reached XP level 6. HP: 49/52 MP: 5/5
  3354 | D:4      | Reached skill level 5 in Shields
  3644 | D:5      | Entered Level 5 of the Dungeon
  3652 | D:5      | Reached skill level 5 in Polearms
  3903 | D:5      | Reached XP level 7. HP: 60/60 MP: 6/6
  4018 | D:5      | Reached skill level 1 in Dodging
  4195 | D:5      | Mangled by an ogre

Illustrated notes

Levels and vault maps discovered:
D:1:      minmay_arrival_stone_box, layout_loops_corners,
          minmay_tree_intersection
D:2:      layout_basic, minmay_pentomino_s4
D:3:      layout_basic, mainiacjoe_overflow_six_doors_small, serial_shops,
          nicolae_shop_temple_entry_statues_fountains, minmay_misc_feat_iff,
          minmay_misc_feat_x, minmay_misc_feat_square
D:4:      layout_rooms, serial_curves, eino_curves_01, eino_curves_03
D:5:      layout_layer_cave, serial_co_window_serial, co_window_corner_a,
          co_window_corner_a, co_window_corner_a, co_window_paths_a,
          co_window_paths_a, co_window_broadway_a, co_window_2corner,
          co_window_broadway_b, co_window_broadway_c, co_window_unsneaky_path_d,
          co_window_paths_c, glass_columns_b, glass_columns_b,
          minmay_misc_feat_roman, minmay_misc_feat_ornament

Skill      XL: |  1  2  3  4  5  6  7 |
---------------+----------------------+-----
Armour         | 4 5 6 |  6.4
Shields        | 4 5 |  5.6
Fighting       | 4 |  4.7
Polearms       | 3 4 5 6 |  6.0
Dodging        | 1 |  1.0
Stealth        | |  0.4

Action                   |  1- 3 |  4- 6 |  7- 9 || total
-------------------------+-------+-------+-------++-------
Melee: Trident           |    87 |   151 |    23 ||   261
       Headbutt          |     7 |    18 |     5 ||    30
  Use: Scroll            |       |     6 |       ||     6
Armor: Scale mail        |    22 |    45 |     7 ||    74
Dodge: Dodged            |    29 |    54 |     5 ||    88
Block: Buckler           |    10 |    33 |     4 ||    47

Table legend: (Time is in decaauts)
 A = Elapsed time spent in this place.
 B = Non-inter-level travel time spent in this place.
 C = Inter-level travel time spent in this place.
 D = Time resting spent in this place.
 E = Time spent auto-exploring this place.
 F = Levels seen in this place.
 G = Mean time per level.
                   A        B        C        D        E       F      G
               +--------+--------+--------+--------+--------+-----+--------+
         Total |   4235 |   3890 |    345 |    268 |   2868 |   5 |  847.0 |
       Dungeon |   4235 |   3890 |    345 |    268 |   2868 |   5 |  847.0 |
               +--------+--------+--------+--------+--------+-----+--------+

Top non-repeatable levels by time:
     D:3: 1286 daAuts
     D:1: 1033 daAuts
     D:2: 730 daAuts
     D:4: 678 daAuts
     D:5: 507 daAuts
